 Dungeon Crawl Stone Soup version 0.24.0-28-g17ded55e90 (webtiles) character file.

Game seed: 7052359114511914343, levelgen mode: deterministic

23 Gumption the Grave Robber (level 2, 0/20 HPs)
             Began as a Demonspawn Necromancer on Nov 11, 2019.
             Slain by an adder (1 damage)
             ... on level 2 of the Dungeon.
             The game lasted 00:10:16 (1337 turns).

Gumption the Grave Robber (Demonspawn Necromancer)  Turns: 1337, Time: 00:10:16

Health: 0/20       AC:  2    Str:  8    XL:     2   Next: 72%
Magic:  0/5        EV: 12    Int: 16    God:
Gold:   47         SH:  3    Dex: 13    Spells: 3/5 levels left

rFire    . . .     SeeInvis .   a - +0 spear
rCold    . . .     Gourm    .   k - +0 buckler
rNeg     . . .     Faith    .   i - +0 robe
rPois    .         Spirit   .   (helmet restricted)
rElec    .         Reflect  .   (no cloak)
rCorr    .         Harm     .   (no gloves)
MR       .....                  (no boots)
Stlth    ++........             (no amulet)
HPRegen  0.06/turn              (no ring)
MPRegen  0.09/turn              (no ring)

@: lethally poisoned (0 -> -4)
A: horns 1
a: no special abilities


You were on level 2 of the Dungeon.
You were not hungry.

You visited 1 branch of the dungeon, and saw 2 of its levels.

You collected 47 gold pieces.

Inventory:

Hand Weapons
 a - a +0 spear (weapon)
 b - a +2 dagger of speed
Missiles
 d - 12 stones (quivered)
 f - 36 poisoned darts
Armour
 i - a +0 robe (worn)
 k - a +0 buckler (worn)
Jewellery
 m - an uncursed ring of positive energy {unknown}
Scrolls
 j - a scroll of noise {unknown}
 n - 2 scrolls of magic mapping {unknown}
Potions
 c - a potion of ambrosia {unknown}
 h - a potion of magic {unknown}
 l - 2 potions of agility {unknown}
Comestibles
 e - 3 rations


   Skills:
 + Level 0.3 Fighting
 - Level 2.0 Dodging
 - Level 2.0 Stealth
 + Level 0.3 Shields
 + Level 2.3 Spellcasting
 * Level 4.7 Necromancy


You had 3 spell levels left.
You knew the following spells:

 Your Spells              Type           Power        Failure   Level  Hunger
a - Pain                  Necr           ###.         4%          1    #......
b - Animate Skeleton      Necr           N/A          4%          1    #......

Your spell library contained the following spells:

 Spells                   Type           Power        Failure   Level  Hunger
 Vampiric Draining        Necr           ###.......   14%         3    ###....
 Regeneration             Chrm/Necr      #.........   36%         3    ###....
 Animate Dead             Necr           N/A          43%         4    #####..


Dungeon Overview and Level Annotations

Branches:
Dungeon (2/15)

Altars:


Innate Abilities, Weirdness & Mutations

You have a pair of small horns on your head.


Message History

Press: ? - help, Shift-Dir - straight line, f/p - adder
Aim: an adder (severely wounded, chance to defeat MR: 81%)
The adder writhes in agony.
You feel sick. The adder bites you.
* * * LOW HITPOINT WARNING * * *
Casting: Pain (safe; 4% risk of failure)
Confirm with . or Enter, or press ? or * to list all spells.
You don't have enough magic to cast that spell.
Your shield prevents you from hitting the adder.
Your headbutt misses the adder.
The adder is severely wounded.
The adder bites you but does no damage. x2
Your shield prevents you from hitting the adder.
The adder is severely wounded.
* * * LOW HITPOINT WARNING * * *
You feel sick. You block the adder's attack. The adder bites you.
* * * LOW HITPOINT WARNING * * *
You hit the adder but do no damage.
The adder is severely wounded.
The adder bites you.
You die...

.# .#
## ##
.. #.
#.
#.###
#.S@#
#.#.#
#.
#.#
#.
#..
..
#.#
..
#.. .
#.#
#.#


You could see an adder.

Vanquished Creatures
  An ooze (D:1)
  A dart slug (D:1)
  A leopard gecko (D:1)
  A giant cockroach (D:1)
  2 goblins (D:1)
  4 kobolds (D:1)
  A bat (D:1)
  2 frilled lizards (D:1)
  4 rats
17 creatures vanquished.

Notes
Turn   | Place    | Note
-------+----------+-------------------------------------------
     0 | D:1      | Gumption the Demonspawn Necromancer began the quest for the
                  | Orb.
     0 | D:1      | Reached XP level 1. HP: 13/13 MP: 3/3
     2 | D:1      | Learned a level 1 spell: Animate Skeleton
   373 | D:1      | Gained mutation: You have a pair of small horns on your
                  | head. [demonic ancestry]
   373 | D:1      | Reached XP level 2. HP: 12/19 MP: 0/5
  1336 | D:2      | HP: 1/20 [adder (2)]
  1337 | D:2      | Slain by an adder

Levels and vault maps discovered:
D:1:      minmay_arrival_four_houses, layout_basic,
          wander_ebering_terrifying_dragon_lair
D:2:      kennysheep_big_flooded_room, layout_loops_cross, first_ration,
          minmay_misc_feat_room

Skill      XL: |  1 |
---------------+----+-----
Dodging        | 2 |  2.0
Stealth        | 2 |  2.0
Fighting       | |  0.3
Shields        | |  0.3
Spellcasting   | |  2.3
Necromancy     | |  4.7

Action                   || total
-------------------------++-------
Melee: Spear             ||    13
       Headbutt          ||     1
 Cast: Pain              ||    33
       Animate Skeleton  ||    12
  Eat: Chunk             ||     2
Armor: Robe              ||     4
Dodge: Dodged            ||    12
Block: Buckler           ||     2
